 Dungeon Crawl Stone Soup version 0.23.0 (webtiles) character file.

Game seed: 13987105761206619529

625 Enish the Chopper (level 7, -8/61 HPs)
             Began as a Minotaur Berserker on Feb 17, 2019.
             Was a Priest of Trog.
             Mangled by an ogre
             ... wielding a +0 giant spiked club
              (26 damage)
             ... on level 4 of the Dungeon.
             The game lasted 00:03:16 (3619 turns).

Enish the Chopper (Minotaur Berserker)              Turns: 3619, Time: 00:03:17

Health: -8/61      AC:  9    Str: 22    XL:     7   Next: 23%
Magic:  6/6        EV:  7    Int:  4    God:    Trog [***...]
Gold:   150        SH:  9    Dex: 11    Spells: 6/6 levels left

rFire    . . .     SeeInvis .   x - +0 war axe
rCold    . . .     Gourm    .   s - +0 shield
rNeg     . . .     Faith    .   v - +0 chain mail
rPois    .         Spirit   .   (helmet restricted)
rElec    .         Reflect  .   (no cloak)
rCorr    .         Harm     .   (no gloves)
MR       +++..                  (no boots)
Stlth    ..........             (no amulet)
HPRegen  1.20/turn              m - ring of protection from magic
MPRegen  0.10/turn              (no ring)

@: berserk cooldown, regenerating, slowed, very slow
A: retaliatory headbutt, horns 2
a: Berserk, Trog's Hand, Renounce Religion


You were on level 4 of the Dungeon.
You worshipped Trog.
Trog was most pleased with you.
You were not hungry.

You visited 1 branch of the dungeon, and saw 4 of its levels.

You collected 150 gold pieces.

Inventory:

Hand Weapons
 a - a +0 hand axe
 x - a +0 war axe (weapon)
   (You found it on level 2 of the Dungeon)
Armour
 b - a +0 animal skin
 c - a +0 ring mail
   (You found it on level 1 of the Dungeon)
 n - a +0 scale mail
   (You found it on level 1 of the Dungeon)
 s - a +0 shield (worn)
   (You found it on level 2 of the Dungeon)
 v - a +0 chain mail (worn)
   (You found it on level 2 of the Dungeon)
Jewellery
 m - a ring of protection from magic (left hand)
   (You found it on level 1 of the Dungeon)
 w - an uncursed amulet of regeneration {unknown}
   (You found it on level 2 of the Dungeon)
Scrolls
 f - 3 scrolls of enchant armour {unknown}
 i - 3 scrolls of immolation {unknown}
 k - 2 scrolls of teleportation {unknown}
 o - 4 scrolls of identify {unknown}
 t - 3 scrolls of remove curse {unknown}
Potions
 d - a potion of brilliance {unknown}
 g - a potion of degeneration {unknown}
 h - a potion of haste
 j - a potion of heal wounds {unknown}
 l - a potion of ambrosia {unknown}
 q - a potion of curing
 u - 2 potions of agility {unknown}
Comestibles
 e - 8 rations


   Skills:
 + Level 5.5 Fighting
 * Level 5.9 Axes
 + Level 4.6 Armour
 + Level 4.3 Dodging
 * Level 3.4 Shields


You had 6 spell levels left.
You didn't know any spells.
Your spell library was empty.

Dungeon Overview and Level Annotations

Branches:
Dungeon (4/15)
 Temple: D:4-7

Altars:
Gozag
Kikubaaqudgha
Vehumet
Wu Jian
Zin


Innate Abilities, Weirdness & Mutations

You reflexively headbutt those who attack you in melee.
You have a pair of horns on your head.


Message History

The jackal closely misses you. You furiously retaliate!
You headbutt the jackal.
You kill the jackal!
Trog accepts your kill.
You are too injured to fight recklessly!
Butcher a jackal corpse? [(y)es/(n)o/(a)ll/(q)uit/?]
Butcher an orc corpse? [(y)es/(n)o/(a)ll/(q)uit/?]
There isn't anything else to butcher here.
Items here: )))) [ †† You closely miss the ogre.
Your headbutt misses the ogre. The ogre barely misses you.
You block the ogre's attack.
You hit the ogre but do no damage. You block the ogre's attack.
You barely miss the ogre. You headbutt the ogre.
The ogre is lightly wounded.
You block the ogre's attack.
Your skin crawls.
You feel resistant to hostile enchantments.
You feel somewhat more hungry.
The ogre hits you with a +0 giant spiked club!!
You die...

.# .## ####### #( .<
......# # #.
.####.....#.#
#.######... '.......#
#.#.....#####)...####
##...........@O)......
#.....##.#######.#####
#.....#........# #
#.....#........#
#....##...######
##.#.>......
#...######...
#............
#.<..###..##.#


You could see an ogre.

Vanquished Creatures
  The ghost of competitivegamer the Cutter, an amateur HaWr (D:3)
  A crimson imp (D:2)
  5 orc priests
  A hound (D:2)
  An orc wizard (D:4)
  A bullfrog skeleton (D:2)
  Terence (D:3)
  2 adders
  An ooze (D:1)
  2 worms (D:3)
  6 dart slugs
  2 leopard geckos
  7 orcs
  7 giant cockroaches
  9 goblins
  9 hobgoblins
  8 jackals
  9 kobolds
  3 quokkas
  2 ball pythons (D:3)
  5 bats
  10 frilled lizards
  22 rats
115 creatures vanquished.

Notes
Turn   | Place    | Note
-------+----------+-------------------------------------------
     0 | D:1      | Enish the Minotaur Berserker began the quest for the Orb.
     0 | D:1      | Reached XP level 1. HP: 19/19 MP: 0/0
    22 | D:1      | Reached XP level 2. HP: 14/27 MP: 1/1
   626 | D:1      | Reached ** piety under Trog
   695 | D:1      | Reached XP level 3. HP: 33/33 MP: 2/2
  1316 | D:2      | Reached XP level 4. HP: 37/41 MP: 3/3
  1493 | D:2      | Found an ancient bone altar of Kikubaaqudgha.
  1598 | D:2      | Reached XP level 5. HP: 47/47 MP: 4/4
  2033 | D:2      | Found an ornate altar of the Wu Jian Council.
  2062 | D:2      | Found a glowing silver altar of Zin.
  2402 | D:3      | Found a radiant altar of Vehumet.
  2404 | D:3      | Reached *** piety under Trog
  2453 | D:3      | Reached skill level 1 in Shields
  2489 | D:3      | Reached skill level 5 in Axes
  2489 | D:3      | Reached skill level 5 in Fighting
  2490 | D:3      | Reached XP level 6. HP: 33/56 MP: 5/5
  2752 | D:3      | Found a runed translucent door.
  2752 | D:3      | Noticed competitivegamer's ghost (amateur HaWr)
  2901 | D:3      | Noticed Terence
  2912 | D:3      | Killed Terence
  3086 | D:3      | Killed competitivegamer's ghost
  3526 | D:3      | Found an opulent altar of Gozag.
  3595 | D:4      | Reached XP level 7. HP: 48/61 MP: 6/6
  3619 | D:4      | Mangled by an ogre

Skill      XL: |  1  2  3  4  5  6 |
---------------+-------------------+-----
Fighting       | 4 5 |  5.5
Axes           | 4 5 |  5.9
Armour         | 3 4 |  4.6
Dodging        | 3 4 |  4.3
Shields        | 1 3 |  3.4

Action                   |  1- 3 |  4- 6 |  7- 9 || total
-------------------------+-------+-------+-------++-------
Melee: Hand axe          |    85 |    67 |       ||   152
       Headbutt          |     6 |    15 |     2 ||    23
       War axe           |       |    87 |    19 ||   106
Invok: Berserk           |     2 |     3 |     1 ||     6
       Trog's Hand       |       |     1 |     1 ||     2
  Use: Potion            |       |     5 |       ||     5
  Eat: Chunk             |     2 |    10 |       ||    12
       Ration            |       |     1 |       ||     1
Armor: Animal skin       |     2 |       |       ||     2
       Ring mail         |    18 |       |       ||    18
       Scale mail        |     6 |    19 |       ||    25
       Chain mail        |       |    42 |    11 ||    53
Dodge: Dodged            |    52 |    54 |    10 ||   116
Block: Shield            |       |    50 |    12 ||    62
